 Dungeon Crawl Stone Soup version 0.13.0-25-g43d4df3 (webtiles) character file.

3089 Malachi the Grappler (level 9, -1/83 HPs)
             Began as a Troll Monk on Oct 27, 2013.
             Slain by a basilisk (6 damage)
             ... on Level 8 of the Dungeon.
             The game lasted 00:15:18 (5505 turns).

Malachi the Grappler (Troll Monk)                   Turns: 5505, Time: 00:15:18

HP  -1/83        AC  8     Str 21      XL: 9   Next: 45%
MP   4/4         EV  1     Int  9      God:
Gold 259         SH  0     Dex 15      Spells:  0 memorised,  8 levels left

Res.Fire  : . . .   See Invis. : .     - Unarmed
Res.Cold  : . . .   Warding    : .   a - +0 robe
Life Prot.: + + +   Conserve   : .   (shield restricted)
Res.Poison: +       Res.Corr.  : .   A - +0 wizard hat {Int+3}
Res.Elec. : .       Clarity    : .   (no cloak)
Sust.Abil.: . .     Spirit.Shd : .   (gloves unavailable)
Res.Mut.  : .       Stasis     : .   (boots unavailable)
Res.Rott. : +       Flight     : .   (no amulet)
Gourmand  : +                        y - ring of poison resistance
                                     e - +4 ring of protection

@: petrified, slightly resistant to hostile enchantments, unstealthy
A: unfitting armour, claws 3, blink 1, blurry vision 1, deformed body, fast
metabolism 3, gourmand, regeneration 2, saprovore 2, tough skin 2, AC +1
a: Blink


You were on level 8 of the Dungeon.
You were very full.

You visited 1 branch of the dungeon, and saw 8 of its levels.

You collected 259 gold pieces.

Inventory:

Missiles
 x - 2 large rocks (quivered)
 E - 5 needles of confusion
Armour
 a - a +0 robe (worn)
 A - a +0 wizard hat of intelligence (worn)
Magical devices
 h - a wand of paralysis (7)
 i - a wand of flame (9)
 j - a wand of lightning (4)
 G - a wand of digging (9)
Comestibles
 b - 6 meat rations
 m - a snozzcumber
 o - 2 chunks of worm flesh
 s - 3 apples
 t - 4 bread rations
 z - a sausage
 B - a banana
 F - a rotting chunk of worker ant flesh
 H - a choko
 I - an apricot
Scrolls
 c - 6 scrolls of remove curse
 d - 3 scrolls of magic mapping
 g - 3 scrolls of identify
 k - 3 scrolls of enchant armour {unknown}
 p - 5 scrolls of teleportation
Jewellery
 e - a +4 ring of protection (left claw)
 y - a ring of poison resistance (right claw)
Potions
 f - 4 potions of magic
 l - 2 potions of flight
 n - 4 potions of restore abilities
 q - a potion of agility
 u - 4 potions of heal wounds
 v - a potion of brilliance
 w - 5 potions of curing
Books
 r - a book of Power

   Spells                             Type                      Level
   Iskenderun's Mystic Blast          Conjuration                  4
   Venom Bolt                         Conjuration/Poison           5
   Bolt of Magma                      Conjuration/Fire/Earth       5
   Fulminant Prism                    Conjuration/Hexes            5
   Iron Shot                          Conjuration/Earth            6
   Orb of Destruction                 Conjuration                  7
 C - a book of Spatial Translocations

   Spells                             Type                      Level
   Apportation                        Translocation                1
   Portal Projectile                  Translocation                2
   Blink                              Translocation                2
   Shroud of Golubria                 Charms/Translocation         2
   Teleport Other                     Translocation                3
   Passage of Golubria                Translocation                4


   Skills:
 + Level 4.2 Fighting
 + Level 2.2 Throwing
 + Level 7.1 Dodging
 - Level 1.1 Stealth
 * Level 9.8 Unarmed Combat
 + Level 0.7 Evocations


You had 8 spell levels left.
You didn't know any spells.

Dungeon Overview and Level Annotations

Branches:
Dungeon (8/27)             Temple (0/1) D:5
    Orc: D:6-11        Lair: D:8-13

Altars:
Cheibriados
Sif Muna
Vehumet


Innate Abilities, Weirdness & Mutations

You are too large for most types of armour.
You have claws for hands.
Your metabolism is lightning-fast.
You like to eat raw meat.
You heal very quickly.
You can eat rotten meat.
You are covered in fur (AC +1).
You have very tough skin (AC +2).
You can translocate small distances at will.
Your vision is a little blurry.
Armour fits poorly on your strangely shaped body.


Message History

The basilisk bites you!
The orc warrior hits you from afar with an orcish trident!
The porcupine bites you. The basilisk bites you.
* * * LOW HITPOINT WARNING * * *
It hits you.
* * * LOW HITPOINT WARNING * * *
The orc warrior hits you from afar with an orcish trident!
* * * LOW HITPOINT WARNING * * *
The basilisk gazes at you. You resist.
The porcupine bites you but does no damage.
It hits you.
* * * LOW HITPOINT WARNING * * *
The green rat bites you.
* * * LOW HITPOINT WARNING * * *
The orc warrior hits you from afar with an orcish trident!
* * * LOW HITPOINT WARNING * * *
The porcupine bites you but does no damage.
The basilisk bites you!
You die...

#...... . #.# #.##Yr ...^.⌠. .##
#### ##.###.##(# #...... ... ..#
#...##.##(. .8.^ #.# #.#
#...##.##Y# ... #.# #.##
#.........# ####. ##.#
##..#####...##..... #...# #..#
##............)..#.# #...#
#..###.#r.o.............# #...##
##.......@rYY..........#.#
#....###.........l#.###.........#
#.......##.##.#####.# #...#######
.#########.###.###.## #...# .#
#.# ##...## #...# .####### #.#
##### ##.## .......# #.# #.#
>#####.# #.# #.# .# #.###.# #.#


You could see a basilisk, an orc warrior, a porcupine, 2 sheep and a green rat.

Vanquished Creatures
  A hydra (D:7)
  A hippogriff (D:8)
  A porcupine (D:8)
  A sky beast (D:6)
  A necrophage (D:6)
  3 ogres
  A centaur (D:6)
  An ice beast (D:5)
  Sigmund (D:2)
  A giant frog (D:7)
  Blork the orc (D:4)
  A water moccasin (D:7)
  3 crimson imps
  An iguana (D:8)
  An orc priest (D:3)
  A jelly (D:5)
  A hound (D:5)
  A giant frog skeleton (D:4)
  4 orc wizards
  3 scorpions
  A sheep (D:8)
  2 worker ants
  Jessica (D:3)
  An ogre skeleton (D:5)
  Terence (D:3)
  13 gnolls
  6 adders
  A giant mite (D:1)
  7 worms
  An adder zombie (D:6)
  An adder skeleton (D:4)
  7 giant geckos
  14 orcs
  12 bats
  8 giant cockroaches
  10 hobgoblins
  25 jackals
  5 kobolds
  8 quokkas
  A ball python (D:5)
  7 giant newts
  15 goblins
  A kobold skeleton (D:4)
  An orc skeleton (D:6)
  10 rats
  3 ballistomycetes (D:4)
191 creatures vanquished.

Vanquished Creatures (others)
  A worker ant (D:4)
  An orc wizard (D:4)
  A giant eyeball (D:4)
  An orc (D:4)
  A quokka (D:4)
  A giant spore (D:4)
6 creatures vanquished.

Grand Total: 197 creatures vanquished

Notes
Turn   | Place    | Note
--------------------------------------------------------------
     0 | D:1      | Malachi, the Troll Monk, began the quest for the Orb.
     0 | D:1      | Reached XP level 1. HP: 20/20 MP: 0/0
    85 | D:1      | Reached XP level 2. HP: 25/28 MP: 0/0
   416 | D:1      | Reached XP level 3. HP: 31/35 MP: 1/1
   920 | D:2      | Reached XP level 4. HP: 39/44 MP: 1/1
   974 | D:2      | Reached skill level 5 in Unarmed Combat
  1270 | D:2      | Noticed Sigmund
  1278 | D:2      | Killed Sigmund
  1278 | D:2      | Reached XP level 5. HP: 25/50 MP: 1/1
  1641 | D:3      | Noticed Jessica
  1778 | D:3      | Reached XP level 6. HP: 14/59 MP: 2/2
  1949 | D:3      | Reached skill level 6 in Unarmed Combat
  1955 | D:3      | Killed Jessica
  2015 | D:3      | Noticed Terence
  2020 | D:3      | Killed Terence
  2428 | D:4      | Noticed Blork the orc
  2438 | D:4      | Killed Blork the orc
  2557 | D:4      | Found a radiant altar of Vehumet.
  2625 | D:4      | Reached XP level 7. HP: 66/66 MP: 2/2
  2790 | D:4      | Reached skill level 7 in Unarmed Combat
  3024 | D:5      | Entered Level 5 of the Dungeon
  3084 | D:5      | Found a staircase to the Ecumenical Temple.
  3192 | D:5      | Reached skill level 5 in Dodging
  3451 | D:5      | Found a snail-covered altar of Cheibriados.
  3451 | D:5      | Found a deep blue altar of Sif Muna.
  3562 | D:6      | Reached XP level 8. HP: 75/75 MP: 2/2
  3661 | D:6      | Reached skill level 8 in Unarmed Combat
  3910 | D:6      | Gained mutation: Armour fits poorly on your strangely shaped body. [potion of mutation]
  3910 | D:6      | Gained mutation: You can translocate small distances at will. [potion of mutation]
  3910 | D:6      | Gained mutation: Your vision is a little blurry. [potion of mutation]
  4601 | D:6      | Paralysed by you for 5 turns
  4673 | D:7      | Reached skill level 1 in Throwing
  4776 | D:7      | Noticed a six-headed hydra
  5031 | D:7      | Killed a six-headed hydra
  5031 | D:7      | Reached skill level 9 in Unarmed Combat
  5031 | D:7      | Reached XP level 9. HP: 67/83 MP: 3/3
  5505 | D:8      | Slain by a basilisk

Action                   |  1- 3 |  4- 6 |  7- 9 || total
-------------------------+-------+-------+-------++-------
Melee: Unarmed           |    97 |   177 |   222 ||   496
Throw: Large rock        |       |     3 |    32 ||    35
 Abil: Blink             |       |       |     1 ||     1
Evoke: Wand              |       |       |     5 ||     5
  Use: Scroll            |       |     2 |    23 ||    25
       Potion            |       |       |     3 ||     3
 Stab: Sleeping          |     3 |       |     1 ||     4
